 Dungeon Crawl Stone Soup version 0.31-a0-182-gc5ef74bbde (webtiles) character file.

Game seed: 3119980725389069421

390 qw the Shooter (level 6, -4/57 HPs)
             Began as a Naga Hunter on June 20, 2023.
             Slain by an ogre
             ... wielding a +0 giant club
              (24 damage)
             ... on level 5 of the Dungeon.
             The game lasted 00:01:01 (2792 turns).

qw the Shooter (Naga Hunter)                        Turns: 2792, Time: 00:01:01

Health: -4/57      AC:  7    Str: 14    XL:     6   Next: 80%
Magic:  6/6        EV:  9    Int:  9    God:
Gold:   148        SH:  0    Dex: 16    Spells: 5/5 levels left

rFire   . . .        Y - +0 shortbow
rCold   . . .        (shield currently unavailable)
rNeg    . . .        c - +0 leather armour
rPois   +            (no helmet)
rElec   .            (no cloak)
rCorr   .            (no gloves)
SInv    +            (no barding)
Will    .....        (no amulet)
Stlth   ++           b - +4 ring of protection
HPRegen 0.29/turn    (no ring)
MPRegen 0.10/turn

%: no passive effects
@: very slow
A: AC +2, large, see invisible, deformed body, poison resistance, slowness 2,
spit poison 1, naga tail 1
a: Spit Poison


You were on level 5 of the Dungeon.
You visited 1 branch of the dungeon, and saw 5 of its levels.

You collected 148 gold pieces.


Innate Abilities, Weirdness & Mutations

Your serpentine skin is tough. (AC +2)
You have supernaturally acute eyesight. (SInv)
Armour fits poorly on your strangely shaped body.
Your system is resistant to poisons. (rPois)
You cover ground very slowly.
You can spit poison.
You have a snake-like lower body.


   Skills:
 - Level 4.2 Fighting
 + Level 6.3 Ranged Weapons
 - Level 1.5 Dodging
 - Level 1.5 Stealth


You had 5 spell levels left.
You didn't know any spells.
Your spell library was empty.

Inventory:

Hand Weapons
 Y - a +0 shortbow (weapon)
Armour
 c - a +0 leather armour (worn)
Jewellery
 b - a +4 ring of protection (left hand)
Scrolls
 a - a scroll of identify
 d - a scroll of summoning {unknown}
Potions
 e - a potion of attraction {unknown}
 f - a potion of lignification {unknown}
 g - a potion of heal wounds {unknown}
 i - a potion of curing {unknown}

Dungeon Overview and Level Annotations

Branches:
Dungeon (5/15)
 Temple: D:4-7

Altars:
Cheibriados

Shops:
D:1 *

Annotations:
D:4 2 transporters


Message History

A white imp comes into view.
You shoot an arrow. The arrow hits the adder!
You kill the adder!
You have got your breath back.
You feel sick.
An ogre comes into view. It is wielding a +0 giant club.
You shoot an arrow. The arrow barely misses the white imp.
You feel sick.
The white imp shouts, "Slither hence, thou quaking guts-griping clack-dish!"
The white imp hits you. The white imp freezes you.
You shoot an arrow.
The arrow hits the white imp but does no damage.
You feel sick. The white imp hits you. The white imp freezes you.
You shoot an arrow. The arrow hits the white imp.
The white imp is lightly wounded.
You feel sick. The white imp hits you. The white imp freezes you.
2788 ||| INVOKING Spit Poison.
Aiming: Spit Poison (1% risk of failure)
Press: ? - help, Shift-Dir - straight line, f - ogre, p - white imp The splash of poison hits the ogre.
The ogre is poisoned.
The ogre is lightly wounded.
You feel sick.
You are no longer poisoned.
The ogre hits you with a +0 giant club.
The white imp hits you but does no damage.
You shoot an arrow. The arrow hits the ogre.
The ogre is moderately wounded.
The white imp misses you. The ogre barely misses you.
You shoot an arrow. The arrow hits the ogre.
The ogre is moderately wounded.
The white imp hits you but does no damage.
You shoot an arrow. The arrow hits the ogre.
The ogre is heavily wounded.
The white imp barely misses you. The ogre hits you with a +0 giant club!
The white imp barely misses you.
You shoot an arrow. The arrow hits the ogre.
The ogre is heavily wounded.
You have got your breath back.
The ogre hits you with a +0 giant club!!
You die...

#####.##.. ##.........
##.......#.#
#..........#
#..........#
#..........#
#..........####
##........O@%..#
####.........5###.....
#.............#### .##
#........./........
#.................#
#<...............##
#....#..........##
#######.........#
#####.....#


You could see an ogre (poisoned) and a white imp.

Vanquished Creatures
  A phantom (D:4)
  A scorpion (D:4)
  A howler monkey (D:5)
  2 hounds (D:4)
  An iguana (D:4)
  A gnoll (D:4)
  6 adders
  3 ufetubi (D:4)
  3 dart slugs
  An orc (D:3)
  5 endoplasms
  A giant cockroach (D:2)
  6 goblins
  4 hobgoblins
  4 jackals (D:1)
  3 quokkas
  4 ball pythons
  2 bats
  3 frilled lizards
  3 kobolds
  4 rats
59 creatures vanquished.

Notes
Turn   | Place    | Note
-------+----------+-------------------------------------------
     0 | D:1      | qw the Naga Hunter began the quest for the Orb.
     0 | D:1      | Reached XP level 1. HP: 19/19 MP: 1/1
     0 | D:1      | 0 ||| qw: Version: 0.3-a-9-g12657ce
     0 | D:1      | 0 ||| qw: Game counter: 1282
     0 | D:1      | 0 ||| qw: Always use a shield: true
     0 | D:1      | 0 ||| qw: God list: Okawaru
     0 | D:1      | 0 ||| qw: Allow faded altars: false
     0 | D:1      | 0 ||| qw: Do Orc after D:15 true
     0 | D:1      | 0 ||| qw: Do second Lair branch before Depths: true
     0 | D:1      | 0 ||| qw: Lair rune preference: random
     0 | D:1      | 0 ||| qw: Plans: Normal
     0 | D:1      | 0 ||| PLANNING D:1-11
    63 | D:1      | Found a faded altar of an unknown god.
    71 | D:1      | 71 ||| INVOKING Spit Poison.
   114 | D:1      | Found Beppoux's Assorted Antiques.
   119 | D:1      | 119 ||| SHOPLISTING dull robe (125 gold, have 9).
   119 | D:1      | 119 ||| SHOPLISTING runed ring mail (154 gold, have 9).
   119 | D:1      | 119 ||| SHOPLISTING scroll labelled MYRUKHLEWISK (22 gold,
                  | have 9).
   119 | D:1      | 119 ||| SHOPLISTING scroll labelled QYTRANG BAUNT (22 gold,
                  | have 9).
   137 | D:1      | 137 ||| INVOKING Spit Poison.
   349 | D:1      | 349 ||| INVOKING Spit Poison.
   351 | D:1      | Reached skill level 4 in Ranged Weapons
   351 | D:1      | Reached XP level 2. HP: 26/26 MP: 2/2
   362 | D:1      | 362 ||| FLEEEEING.
   363 | D:1      | 363 ||| FLEEEEING.
   364 | D:1      | 364 ||| FLEEEEING.
   365 | D:1      | 365 ||| FLEEEEING.
   433 | D:1      | 433 ||| INVOKING Spit Poison.
   437 | D:1      | 437 ||| INVOKING Spit Poison.
   441 | D:1      | 441 ||| INVOKING Spit Poison.
   683 | D:1      | 683 ||| READING scroll labelled AGGIHE RUPYENAINYE.
   684 | D:1      | 684 ||| DROPPING scroll of butterflies.
   742 | D:2      | 742 ||| INVOKING Spit Poison.
   760 | D:2      | 760 ||| INVOKING Spit Poison.
   823 | D:2      | Reached XP level 3. HP: 32/32 MP: 3/3
   888 | D:2      | 888 ||| INVOKING Spit Poison.
   900 | D:2      | 900 ||| INVOKING Spit Poison.
   903 | D:2      | 903 ||| INVOKING Spit Poison.
   906 | D:2      | 906 ||| INVOKING Spit Poison.
   987 | D:2      | 987 ||| INVOKING Spit Poison.
  1110 | D:2      | 1110 ||| INVOKING Spit Poison.
  1126 | D:2      | 1126 ||| INVOKING Spit Poison.
  1130 | D:2      | 1130 ||| INVOKING Spit Poison.
  1150 | D:2      | 1150 ||| UPGRADING to +4 ring of protection.
  1151 | D:2      | 1151 ||| READING 3 scrolls labelled SACSAU OVVOKE.
  1152 | D:2      | 1152 ||| READING scroll labelled SOSIOQ DURGH.
  1153 | D:2      | 1153 ||| READING scroll labelled ODOMNA REUQEYT.
  1154 | D:2      | 1154 ||| DRINKING 2 black potions.
  1155 | D:2      | 1155 ||| READING 2 scrolls of identify.
  1155 | D:2      | 1155 ||| IDENTIFYING fizzy cyan potion
  1156 | D:2      | 1156 ||| DROPPING potion of degeneration.
  1157 | D:2      | 1157 ||| DROPPING potion of brilliance.
  1178 | D:3      | 1178 ||| INVOKING Spit Poison.
  1247 | D:3      | 1247 ||| INVOKING Spit Poison.
  1252 | D:3      | 1252 ||| INVOKING Spit Poison.
  1282 | D:3      | You fall into a shaft and drop 1 floor!
  1290 | D:4      | 1290 ||| INVOKING Spit Poison.
  1291 | D:4      | Reached skill level 5 in Ranged Weapons
  1308 | D:4      | 1308 ||| INVOKING Spit Poison.
  1311 | D:4      | 1311 ||| INVOKING Spit Poison.
  1313 | D:4      | Reached XP level 4. HP: 35/40 MP: 4/4
  1317 | D:4      | 1317 ||| INVOKING Spit Poison.
  1321 | D:4      | 1321 ||| INVOKING Spit Poison.
  1325 | D:4      | 1325 ||| INVOKING Spit Poison.
  1326 | D:4      | Reached skill level 3 in Fighting
  1326 | D:4      | Reached XP level 5. HP: 32/49 MP: 5/5
  1469 | D:4      | 1469 ||| INVOKING Spit Poison.
  1488 | D:4      | Found a transporter.
  1527 | D:4      | 1527 ||| INVOKING Spit Poison.
  1581 | D:4      | 1581 ||| READING scroll labelled MINNIR HUKK.
  1586 | D:4      | 1586 ||| INVOKING Spit Poison.
  1587 | D:4      | 1587 ||| Stepping randomly (stuck).
  1588 | D:4      | 1588 ||| Stepping randomly (stuck).
  1589 | D:4      | 1589 ||| Stepping randomly (stuck).
  1590 | D:4      | 1590 ||| Stepping randomly (stuck).
  1591 | D:4      | 1591 ||| Stepping randomly (stuck).
  1592 | D:4      | 1592 ||| Stepping randomly (stuck).
  1593 | D:4      | 1593 ||| Stepping randomly (stuck).
  1634 | D:4      | Found a transporter.
  1638 | D:4      | Noticed a fire bat
  1662 | D:4      | 1662 ||| INVOKING Spit Poison.
  1710 | D:3      | 1710 ||| INVOKING Spit Poison.
  1814 | D:3      | 1814 ||| INVOKING Spit Poison.
  1818 | D:3      | 1818 ||| INVOKING Spit Poison.
  1821 | D:3      | 1821 ||| INVOKING Spit Poison.
  1822 | D:3      | Reached XP level 6. HP: 56/56 MP: 6/6
  1847 | D:3      | 1847 ||| INVOKING Spit Poison.
  2060 | D:3      | 2060 ||| INVOKING Spit Poison.
  2099 | D:3      | 2099 ||| INVOKING Spit Poison.
  2120 | D:3      | 2120 ||| INVOKING Spit Poison.
  2122 | D:3      | Found a snail-covered altar of Cheibriados.
  2140 | D:3      | 2140 ||| INVOKING Spit Poison.
  2275 | D:4      | 2275 ||| INVOKING Spit Poison.
  2278 | D:4      | Reached skill level 6 in Ranged Weapons
  2279 | D:4      | 2279 ||| INVOKING Spit Poison.
  2511 | D:4      | 2511 ||| INVOKING Spit Poison.
  2752 | D:5      | Entered Level 5 of the Dungeon
  2761 | D:5      | 2761 ||| INVOKING Spit Poison.
  2765 | D:5      | 2765 ||| INVOKING Spit Poison.
  2773 | D:5      | 2773 ||| INVOKING Spit Poison.
  2780 | D:5      | 2780 ||| INVOKING Spit Poison.
  2788 | D:5      | 2788 ||| INVOKING Spit Poison.
  2792 | D:5      | Slain by an ogre

Levels and vault maps discovered:
D:1:      eino_arrival_cavern_b, layout_rooms, ebering_ecumenical_altar_webs,
          serial_shops, nicolae_shop_overgrown_old_shop,
          chequers_serial_rivers_large_a, kennysheep_small_spiral
D:2:      layout_rooms
D:3:      wad_pebble_path, layout_basic, kennysheep_slug_shrine
D:4:      gammafunk_cloud_chamber, layout_cave_pods, cheibrodos_gnoll_hut
D:5:      layout_rooms, mainiacjoe_overflow_catwalk_spiral

Skill      XL: |  1  2  3  4  5  6 |
---------------+-------------------+-----
Ranged Weapons | 4 5 6 |  6.3
Fighting       | 3 4 |  4.2
Dodging        | |  1.5
Stealth        | |  1.5

Action                     |  1- 3 |  4- 6 || total
---------------------------+-------+-------++-------
   Fire: Shortbow          |    63 |    77 ||   140
Ability: Spit Poison       |    22 |    24 ||    46
    Use: Scroll            |     5 |     1 ||     6
         Potion            |     1 |       ||     1
 Armour: Leather armour    |     4 |    20 ||    24
  Dodge: Dodged            |    15 |    25 ||    40

Table legend:
 A = Non-vault XP
 B = Vault XP
 C = Vault XP percentage of total XP
 D = Non-vault monster count
 E = Vault monster count
 F = Vault count percentage of total count
                 A         B        C        D         E       F
            +---------+---------+-------+---------+---------+-------
      Total |     455 |     103 |  18.5 |      55 |       4 |   6.8
            +---------+---------+-------+---------+---------+-------
        D:1 |      24 |       0 |   0.0 |      11 |       0 |   0.0
        D:2 |      34 |       0 |   0.0 |      15 |       0 |   0.0
        D:3 |      61 |       4 |   6.2 |      16 |       1 |   5.9
        D:4 |     268 |      99 |  27.0 |      11 |       3 |  21.4
        D:5 |      68 |       0 |   0.0 |       2 |       0 |   0.0
            +---------+---------+-------+---------+---------+-------
